 Dungeon Crawl Stone Soup version 0.28-a0-1199-gef9e1dbd39 (webtiles) character file.

Game seed: 9017266013964797045

235 leviel the Chopper (level 6, -8/53 HPs)
             Began as a Hill Orc Fighter on Dec 20, 2021.
             Was an Initiate of the Shining One.
             Mangled by an ogre (21 damage)
             ... on level 4 of the Dungeon.
             The game lasted 00:03:15 (3578 turns).

leviel the Chopper (Hill Orc Fighter)               Turns: 3578, Time: 00:03:16

Health: -8/53      AC:  8    Str: 21    XL:     6   Next: 6%
Magic:  6/6        EV:  9    Int:  8    God:    the Shining One [......]
Gold:   189        SH:  4    Dex: 10    Spells: 5/5 levels left

rFire   . . .      SeeInvis .   a - +0 war axe
rCold   . . .      Faith    +   c - +0 buckler
rNeg    + . .      Spirit   .   b - +0 scale mail
rPois   .          Reflect  .   f - +0 helmet
rElec   .          Harm     .   p - scarf {+Inv}
rCorr   .          Rampage  .   (no gloves)
Will    .....                   (no boots)
Stlth   ..........              n - amulet of faith
HPRegen 0.17/turn               u - ring of positive energy
MPRegen 0.10/turn               (no ring)

@: glowing
A: no striking features
a: Renounce Religion, Evoke Invisibility


You were on level 4 of the Dungeon.
You worshipped the Shining One.
The Shining One was noncommittal.
You visited 1 branch of the dungeon, and saw 4 of its levels.

You collected 189 gold pieces.

Inventory:

Hand Weapons
 a - a +0 war axe (weapon)
Missiles
 i - 7 poisoned darts (quivered)
Armour
 b - a +0 scale mail (worn)
 c - a +0 buckler (worn)
 f - a +0 helmet (worn)
 p - a scarf of invisibility (worn)
Jewellery
 n - an amulet of faith (around neck)
 s - an amulet of magic regeneration
 u - a ring of positive energy (left hand)
Wands
 t - a wand of iceblast (6)
Scrolls
 e - a scroll of noise {unknown}
 g - a scroll of immolation {unknown}
 h - 4 scrolls of identify {unknown}
 k - a scroll of magic mapping {unknown}
 l - a scroll of summoning {unknown}
 m - a scroll of teleportation {unknown}
 o - a scroll of fear {unknown}
 v - a scroll of acquirement {unknown}
Potions
 d - a potion of berserk rage
 j - a potion of brilliance {unknown}
 q - a potion of heal wounds {unknown}
 r - a potion of degeneration {unknown}
 w - a potion of attraction {unknown}


   Skills:
 + Level 4.7 Fighting
 * Level 5.1 Axes
 + Level 4.3 Armour
 + Level 4.4 Shields
 + Level 1.0 Evocations


You had 5 spell levels left.
You didn't know any spells.
Your spell library contained the following spells:

 Spells                   Type           Power      Damage    Failure   Level
 Sting                    Tmut/Pois      0%         1d3       75%         1
 Poisonous Vapours        Pois/Air       0%         N/A       86%         2
 Olgreb's Toxic Radiance  Pois           0%         N/A       100%        4


Dungeon Overview and Level Annotations

Branches:
Dungeon (4/15)
 Temple: D:4-7

Altars:
Dithmenos
Zin
The Shining One


Message History

An endoplasm comes into view.
Found 16 gold pieces.
The endoplasm quivers.
An endoplasm is nearby!
You hit the endoplasm.
The endoplasm is heavily wounded.
The endoplasm hits you.
You hit the endoplasm.
The endoplasm is almost dead.
The endoplasm hits you but does no damage.
You slash the endoplasm!
You kill the endoplasm!
No target in view!
No target in view!
No target in view!
No target in view!
No target in view!
No target in view!
No target in view!
No target in view!
No target in view!
No target in view!
No target in view!
HP restored.
An ogre comes into view. It is wielding a +0 giant club.
An ogre is nearby!
An ogre is nearby!
An ogre is nearby!
You see here 16 gold pieces.
The ogre hits you but does no damage.
You barely miss the ogre. The ogre hits you with a +0 giant club!
You barely miss the ogre. The ogre hits you with a +0 giant club!
You slash the ogre!
The ogre is moderately wounded.
The ogre hits you with a +0 giant club!
* * * LOW HITPOINT WARNING * * *
You closely miss the ogre.
The ogre is moderately wounded.
The ogre hits you with a +0 giant club!!
You die...

### ..##########
#.#.<......#####
######.#.######......
#.....#.......#....##
#.#.###.........
#.#.##..#.......
...#.####.#.##..........
......O@$...##.#.#....##
...#.####..###.#.#......
##.# #.#.###>### #.#
#.#.# #.# # .# #.#.# #.#
.# #.#.# #.# .. #.# ..
#.#


You could see an ogre.

Vanquished Creatures
  An ice beast (D:3)
  An iguana (D:4)
  Terence (D:2)
  A gnoll (D:1)
  2 adders (D:2)
  3 worms
  A dart slug (D:2)
  2 orcs (D:4)
  6 ball pythons
  2 endoplasms
  4 giant cockroaches
  3 goblins
  6 hobgoblins
  7 kobolds
  A quokka (D:1)
  4 bats
  9 rats
54 creatures vanquished.

Vanquished Creatures (others)
  3 plants (D:1)
3 creatures vanquished.

Grand Total: 57 creatures vanquished

Notes
Turn   | Place    | Note
-------+----------+-------------------------------------------
     0 | D:1      | leviel the Hill Orc Fighter began the quest for the Orb.
     0 | D:1      | Reached XP level 1. HP: 19/19 MP: 1/1
   287 | D:1      | Reached XP level 2. HP: 15/27 MP: 2/2
   291 | D:1      | Reached skill level 3 in Axes
   795 | D:1      | Reached XP level 3. HP: 15/33 MP: 3/3
   959 | D:1      | Found a faded altar of an unknown god.
  1224 | D:2      | Found a glowing silver altar of Zin.
  1437 | D:2      | Noticed Terence
  1446 | D:2      | Killed Terence
  1447 | D:2      | Reached skill level 4 in Axes
  1447 | D:2      | Reached XP level 4. HP: 28/40 MP: 4/4
  2458 | D:3      | Found a glowing golden altar of the Shining One.
  2521 | D:3      | Noticed an ice beast
  2533 | D:3      | Killed an ice beast
  2534 | D:3      | Reached XP level 5. HP: 34/47 MP: 5/5
  2803 | D:3      | Became a worshipper of the Shining One
  3068 | D:4      | Found a shadowy altar of Dithmenos.
  3156 | D:4      | Reached skill level 5 in Axes
  3156 | D:4      | Reached skill level 1 in Evocations
  3156 | D:4      | Reached XP level 6. HP: 8/53 MP: 6/6
  3578 | D:4      | Mangled by an ogre

Illustrated notes

Levels and vault maps discovered:
D:1:      dpeg_arrival_windows_large_door, layout_loops_ring,
          shapermc_ecumenical_altar_hornbeckon, minmay_cut_off
D:2:      layout_basic, basic_altar, serial_curves, eino_curves_03,
          eino_curves_01, minmay_pentomino_q4, uniq_terence
D:3:      layout_basic, nicolae_tso_swordbearing_angel, grunt_ministairs_5
D:4:      layout_loops_ring, mainiacjoe_overflow_surrounded_room,
          guppyfry_shop_venom

Skill      XL: |  1  2  3  4  5 |
---------------+----------------+-----
Axes           | 3 4 5 |  5.1
Fighting       | 4 |  4.7
Shields        | 4 |  4.4
Armour         | 4 |  4.3
Evocations     | 1 |  1.0

Action                   |  1- 3 |  4- 6 || total
-------------------------+-------+-------++-------
Melee: War axe           |    88 |    75 ||   163
  Use: Potion            |     1 |     1 ||     2
Armor: Scale mail        |    43 |    22 ||    65
Dodge: Dodged            |    41 |    30 ||    71
Block: Buckler           |    24 |    11 ||    35

Table legend: (Time is in decaauts)
 A = Elapsed time spent in this place.
 B = Non-inter-level travel time spent in this place.
 C = Inter-level travel time spent in this place.
 D = Time resting spent in this place.
 E = Time spent auto-exploring this place.
 F = Levels seen in this place.
 G = Mean time per level.
                   A        B        C        D        E       F      G
               +--------+--------+--------+--------+--------+-----+--------+
         Total |   3641 |   3441 |    200 |    430 |   2570 |   4 |  910.2 |
       Dungeon |   3641 |   3441 |    200 |    430 |   2570 |   4 |  910.2 |
               +--------+--------+--------+--------+--------+-----+--------+

Top non-repeatable levels by time:
     D:3: 1194 daAuts
     D:1: 1185 daAuts
     D:2: 728 daAuts
     D:4: 534 daAuts
